 Dungeon Crawl Stone Soup version 0.19.3-1-g3169bf9 (console) character file.

277 Kloppie the Skirmisher (level 6, -1/51 HPs)
             Began as a Formicid Berserker on Jan 25, 2017.
             Was a Believer of Trog.
             Slain by a phantom (6 damage)
             ... on level 4 of the Dungeon.
             The game lasted 00:04:04 (2359 turns).

Kloppie the Skirmisher (Formicid Berserker)         Turns: 2359, Time: 00:04:05

Health: -1/51      AC:  9    Str: 22    XL:     6   Next: 50%
Magic:  6/6        EV:  8    Int:  6    God:    Trog [**....]
Gold:   153        SH:  0    Dex: 12    Spells: 0 memorised, 5 levels left

rFire  + . .     SeeInvis +     a - +0 hand axe
rCold  + . .     Gourm    .     b - +0 chain mail
rNeg   + . .     Faith    .     (no shield)
rPois  +         Spirit   .     (helmet unavailable)
rElec  +         Reflect  .     o - +0 cloak
rCorr  +         Harm     .     (no gloves)
MR     ++...                    (no boots)
Stlth  ..........               (no amulet)
                                (no ring)
                                p - ring of positive energy

@: lethally poisoned (-1 -> -2), resistant, regenerating
A: permanent stasis, dig shafts and tunnels, four strong arms, antennae 3
a: Dig, Shaft Self, Trog's Hand, Burn Spellbooks, Renounce Religion


You were on level 4 of the Dungeon.
You worshipped Trog.
Trog was pleased with you.
You were very hungry.

You visited 1 branch of the dungeon, and saw 4 of its levels.

You collected 153 gold pieces.

Inventory:

Hand Weapons
 a - a +0 hand axe (weapon)
 e - a +0 war axe
Armour
 b - a +0 chain mail (worn)
 o - a +0 cloak (worn)
Jewellery
 p - a ring of positive energy (left hand)
Scrolls
 d - a scroll of remove curse
 h - a scroll of amnesia {unknown}
 i - 2 scrolls of enchant weapon {unknown}
 j - a scroll of recharging {unknown}
 l - a scroll of fog {unknown}
 m - a scroll of teleportation {unknown}
 q - 2 scrolls of immolation {unknown}
Comestibles
 c - 2 bread rations
 g - 4 chunks of flesh
 k - a meat ration
 n - a beef jerky


   Skills:
 + Level 5.6 Fighting
 + Level 5.3 Axes
 - Level 2.1 Armour
 - Level 1.7 Dodging


You had 5 spell levels left.
You didn't know any spells.

Dungeon Overview and Level Annotations

Branches:
Dungeon (3/15)

Altars:
Cheibriados
Zin

Annotations:
D:3 fatfloppyjuicyveiny's ghost, amateur KoHu
D:4 Menkaure; Pikel


Innate Abilities, Weirdness & Mutations

You are under a permanent stasis effect.
You can dig through walls and to a lower floor.
Your four strong arms can wield two-handed weapons with a shield.
You have a pair of large antennae on your head. (SInv)


Message History

You feel protected.
You feel sick. Menkaure closely misses you. The phantom completely misses you.
A slave comes into view.
You hit Menkaure.
Menkaure is moderately damaged.
You hit the phantom but do no damage.
You feel sick. Menkaure barely misses you.
The phantom hits you but does no damage.
A dart slug comes into view.
Your chain mail prevents you from hitting Menkaure.
Menkaure is lightly damaged.
You completely miss the phantom.
You feel sick. The phantom hits you.
* * * LOW HITPOINT WARNING * * *
Menkaure barely misses you.
Pikel the Slaver comes into view.
He is wielding a whip of flaming.
Pikel shouts!
You hit Menkaure but do no damage.
Menkaure is lightly damaged.
You hit the phantom.
You feel sick. The phantom hits you.
You die...

#..###.
#..[..#
#.....#
#.....#
#.....#
#.....#
#..MW.#
#..@..#
#.....#
#.........
#..........
#..........
#.......p..
#........w.
#$......pK.
#.........


You could see Pikel, a phantom, 2 slaves, Menkaure and a dart slug.

Vanquished Creatures
  Sigmund (D:2)
  4 adders
  3 worms
  A dart slug (D:2)
  2 leopard geckos
  8 orcs (D:2)
  A ball python (D:2)
  2 giant cockroaches (D:1)
  12 goblins
  8 hobgoblins
  7 jackals
  3 quokkas
  3 bats
  5 frilled lizards
  4 kobolds
  5 rats
69 creatures vanquished.

Notes
Turn   | Place    | Note
-------+----------+-------------------------------------------
     0 | D:1      | Kloppie the Formicid Berserker began the quest for the Orb.
     0 | D:1      | Reached XP level 1. HP: 18/18 MP: 1/1
    53 | D:1      | Reached XP level 2. HP: 12/24 MP: 2/2
   501 | D:1      | Reached XP level 3. HP: 28/30 MP: 3/3
   676 | D:2      | Reached ** piety under Trog
   855 | D:2      | Noticed Sigmund
   871 | D:2      | Killed Sigmund
   871 | D:2      | Reached skill level 5 in Fighting
   871 | D:2      | Reached XP level 4. HP: 9/39 MP: 4/4
   871 | D:2      | Reached XP level 5. HP: 10/44 MP: 5/5
  1058 | D:2      | Reached XP level 6. HP: 41/51 MP: 6/6
  1059 | D:2      | Found a snail-covered altar of Cheibriados.
  1231 | D:2      | Reached skill level 5 in Axes
  2192 | D:3      | Reached *** piety under Trog
  2276 | D:3      | Found a glowing silver altar of Zin.
  2307 | D:3      | Noticed fatfloppyjuicyveiny's ghost (amateur KoHu)
  2353 | D:3      | You fall through a shaft!
  2353 | D:4      | Noticed Menkaure
  2353 | D:4      | Noticed a phantom
  2357 | D:4      | Noticed a slave
  2359 | D:4      | Noticed Pikel
  2359 | D:4      | Slain by a phantom

Skill      XL: |  1  2  3  4  5  6 |
---------------+-------------------+-----
Fighting       | 5 |  5.6
Axes           | 4 5 |  5.3
Armour         | |  2.1
Dodging        | |  1.7

Action                   |  1- 3 |  4- 6 || total
-------------------------+-------+-------++-------
Melee: Hand axe          |    86 |   203 ||   289
Invok: Trog's Hand       |       |     2 ||     2
 Abil: Shaft Self        |       |     1 ||     1
  Use: Potion            |     5 |     1 ||     6
       Scroll            |       |     3 ||     3
 Stab: Sleeping          |       |     1 ||     1
  Eat: Chunk             |       |     5 ||     5
Armor: Animal skin       |     2 |       ||     2
       Leather armour    |    13 |    18 ||    31
       Chain mail        |       |    86 ||    86
Dodge: Dodged            |    55 |   135 ||   190
